[Event "121st Swiss Championship 2022"]
[Site "Samnaun-Compatsch"]
[Date "2022.07.05"]
[Round "2.11"]
[White "Gemelli, Romain"]
[Black "Sedina, Yelena"]
[Result "0-1"]
[ECO "D10"]
[WhiteElo "2045"]
[BlackElo "2215"]
[Annotator "TA"]
[PlyCount "136"]
[EventDate "2022.06.28"]
[EventType "swiss"]
[EventCountry "SUI"]
[SourceTitle "playchess.com"]
[Source "ChessBase"]
[SourceQuality "1"]
[TimeControl "40/5400+30:1800+30"]

1. d4 d5 2. c4 c6 3. Nc3 dxc4 4. e3 b5 5. a4 b4 6. Ne4 {[%emt 0:00:06][%mdl 1024] White has compensation. D10: Slav Defence: 3 cxd5 (without early Nf3) and 3 Nc3.} Qd5 7. Ng3 Nf6 {[%emt 0:04:05] Inhibits e4.} 8. Be2 {[%emt 0:00:07] The position is equal.} Ba6 {[%emt 0:17:50] was the old line (8...e5).} (8... Qxg2 $2 9. Bf3 Bg4 10. Bxg2 $18) 9. e4 Nxe4 10. Bf3 f5 11. N1e2 $1 {[%emt 0:00:08] White wants to play 0-0.} g6 12. Nf4 Qf7 13. Nxe4 fxe4 14. Bg4 (14. Bxe4 Bg7 $15) 14... h5 $1 15. Be6 Qf6 16. Bh3 $1 {[%emt 0:00:11] And now Ne6 would win.} g5 17. Nxh5 Qg6 {[%emt 0:00:18] [#]} 18. Ng3 $146 {[%emt 0:00:59] [#]} (18. Bg4 $11) ({Predecessor:} 18. Bg4 Nd7 19. Ng3 O-O-O 20. Qd2 c5 21. dxc5 e6 22. Qxb4 Nxc5 23. Qa5 Nd3+ 24. Kf1 {0-1 (54) Lloyd,G (2262)-Egelstaff,R (2270) ICCF email 2017}) 18... e6 $2 (18... Rxh3 $1 $15 {stays ahead.} 19. gxh3 Nd7) 19. Qg4 Be7 20. Qxe6 (20. Nxe4 $2 Rh4 21. Nd6+ Bxd6 $19) 20... Qxe6 21. Bxe6 {[%emt 0:00:06] Strongly threatening 0-0.} Nd7 22. Nxe4 O-O-O (22... c3 $16) 23. O-O (23. Nxg5 Rhe8 24. O-O Bxg5 25. Bxd7+ (25. Bxg5 Rxe6 26. Bxd8 Kxd8 $15) 25... Rxd7 26. Bxg5 c3 $11) 23... c3 24. Re1 ({Stronger than} 24. bxc3 Bxf1 25. Kxf1 Rxh2 $11) 24... Rh6 25. Ng3 cxb2 26. Bxb2 Kc7 (26... Bd6 $16 {was necessary.} 27. h3 Re8) 27. Nf5 $18 Rh7 28. d5 cxd5 29. Rac1+ Kb8 30. Bxd5 Bf6 31. Nd4 {[%emt 0:01:12] aiming for Nc6+.} (31. Bd4 $6 Bd3) 31... Bxd4 (31... Bb7 $142) 32. Bxd4 Bb7 33. Bxb7 Kxb7 34. a5 ({Better is} 34. Be3) 34... Nb8 $16 35. Bf6 Rd5 36. Re4 $36 {[%emt 0:09:11][%mdl 2048] White is on the roll.} Na6 (36... Rb5 $16) 37. f4 $1 $18 gxf4 38. Rxf4 Rxa5 (38... b3 $16) 39. g4 $1 Ra2 (39... Rc7 {keeps fighting.} 40. Rxc7+ Nxc7) 40. h4 $1 Rd7 41. Rf2 (41. g5 $142) 41... Ra3 42. g5 Nc7 43. h5 {[%emt 0:00:42][%cal Bh4h5,Bh5h6][%mdl 32] g6 is the strong threat.} Ne8 $2 (43... Rh3) 44. h6 Nxf6 45. gxf6 {[%emt 0:00:02][%mdl 4096] Endgame KRR-KRR} Rf7 (45... Rg3+ $142 46. Kf1 (46. Kh2 Rg6 $16) 46... Rf7) 46. Re1 Rg3+ {[%emt 0:00:20] [#]} 47. Kh2 $2 (47. Kf1 $1 $18 {Black must now prevent Re7+.} Rc3 48. h7 Rxh7 49. f7 Rh1+ 50. Kg2) 47... Rg6 $1 $11 48. Re6 Rxh6+ 49. Kg1 Rg6+ 50. Kf1 {[%emt 0:00:01] Hoping for Re7+.} Kc8 51. Ke1 a5 52. Rb6 {[%emt 0:01:01] Threatens to win with Rc2+.} Kc7 53. Rb5 Rgxf6 $2 ({But not} 53... Rfxf6 $6 54. Rxf6 Rxf6 55. Rxa5 $17) (53... Kc6 $11 54. Rxa5 b3 55. Ra6+ Kd5) 54. Rxf6 Rxf6 55. Rxa5 {[%emt 0:00:22] KR-KR} Kb6 56. Rd5 Kc6 $2 (56... b3 $11 57. Rd3 Rh6) 57. Rd8 $2 (57. Ra5 $11 Kb6 58. Rd5) 57... Kb5 {[%emt 0:01:32] Black mates.} 58. Kd2 {[%emt 0:00:32] [#]} Rc6 $1 59. Ra8 b3 60. Rb8+ Ka4 61. Ra8+ Kb4 62. Rb8+ Ka3 63. Ra8+ Kb2 64. Kd1 Rd6+ 65. Ke2 Kc2 66. Rc8+ Kb1 67. Rb8 b2 68. Rb7 Ra6 {[%emt 0:00:26] Never resign too early!  Weighted Error Value: White=0.36/Black=0.26 (precise)} 0-1

[Event "121st Swiss Championship 2022"]
[Site "Samnaun-Compatsch"]
[Date "2022.07.06"]
[Round "3.1"]
[White "Rohrer, Christophe"]
[Black "Baenziger, Fabian"]
[Result "1/2-1/2"]
[ECO "C88"]
[WhiteElo "2246"]
[BlackElo "2451"]
[Annotator "TA"]
[PlyCount "59"]
[EventDate "2022.06.28"]
[EventType "swiss"]
[EventCountry "SUI"]
[SourceTitle "playchess.com"]
[Source "ChessBase"]
[SourceQuality "1"]
[TimeControl "40/5400+30:1800+30"]

1. e4 e5 2. Nf3 Nc6 3. Bb5 a6 4. Ba4 Nf6 5. O-O Be7 6. Re1 b5 7. Bb3 O-O 8. a4 Bb7 9. d3 d6 10. Bd2 Qd7 11. Nc3 Na5 12. Ba2 b4 {[%emt 0:00:04] C88: Closed Ruy Lopez: Anti-Marshall Systems.} 13. Ne2 c5 14. Ng3 Rab8 15. Nf5 Bc8 16. N3h4 Bd8 {[%emt 0:07:38] [#]} 17. Qf3 $146 ({Predecessor:} 17. Re3 g6 18. Rh3 c4 19. Bh6 b3 20. cxb3 cxb3 21. Bb1 d5 22. Qc1 Qc6 23. Qd2 {0-1 (66) Motylev,A (2642)-Ponkratov,P (2650) Moscow 2021}) 17... g6 18. Bh6 Re8 19. g4 $2 b3 $19 (19... gxf5 20. Nxf5 b3 21. cxb3) 20. cxb3 Nxb3 (20... gxf5 21. Nxf5 Re6 22. b4 Rxb4 23. Bd2) 21. Rad1 (21. Rab1 $142) 21... Nd4 ({Not} 21... Qxa4 22. Bxb3 Qxb3 23. Qg3 $17) 22. Nxd4 cxd4 23. Nf5 Rxb2 24. Ra1 d5 25. Ng7 (25. Bc1 dxe4 26. dxe4 gxf5 27. Bxb2 fxe4 28. Qg3) 25... Rf8 $2 (25... Nxg4 $19 {and Black stays clearly on top.} 26. Nxe8 Qxe8) 26. h3 $17 Bb7 27. Nf5 {[%emt 0:02:48] [#]} Re8 ({Don't play} 27... gxf5 28. gxf5 Kh8 29. Bxf8 dxe4 30. dxe4 $16) ({Black should play} 27... Rc2 $1 $17 {[%cal Oc2c3] White must now prevent ...Rc3!} 28. Bxf8 (28. Ng3 Re8) 28... dxe4) 28. Ng7 $1 $11 Rf8 ({Better is} 28... dxe4 $11 29. dxe4 Rf8) 29. Nf5 $1 $17 Re8 ({But not} 29... gxf5 30. gxf5 Kh8 31. Bxf8 dxe4 32. dxe4 $16) 30. Ng7 $1 {[%emt 0:00:10] Weighted Error Value: White=0.38/Black=0.54} 1/2-1/2

[Event "121st Swiss Championship 2022"]
[Site "Samnaun-Compatsch"]
[Date "2022.07.06"]
[Round "3.2"]
[White "Wyss, Jonas"]
[Black "Gschnitzer, Adrian"]
[Result "1/2-1/2"]
[ECO "B06"]
[WhiteElo "2223"]
[BlackElo "2433"]
[Annotator "TA"]
[PlyCount "40"]
[EventDate "2022.06.28"]
[EventType "swiss"]
[EventCountry "SUI"]
[SourceTitle "playchess.com"]
[Source "ChessBase"]
[SourceQuality "1"]
[TimeControl "40/5400+30:1800+30"]

1. e4 c5 2. Nf3 g6 3. c3 d5 4. exd5 Qxd5 5. d4 Bg7 6. Na3 cxd4 7. Nb5 {[%emt 0:06:19] B06: Modern Defence.} (7. Bc4 $5 Qe4+ {[#]} 8. Be3 $1 $14) 7... Na6 {[%emt 0:02:14] Prevents Nc7+.} 8. Nbxd4 {[%emt 0:03:02] Active counter play!} Nf6 9. Bb5+ {[%emt 0:09:47] The position is equal.} Bd7 10. Qe2 O-O 11. O-O Nc5 12. Bc4 Qd6 {[%emt 0:07:47] [#]} 13. Ne5 $146 ({Predecessor:} 13. Rd1 Qc7 14. Ne5 Ba4 15. Re1 e6 16. b3 Be8 17. f4 Nfd7 18. a4 Rc8 19. Ba3 Nxe5 20. fxe5 {½-½ (38) Hausdorf,H (2287)-Le Page,C (2351) ICCF email 2011}) 13... a6 14. Rd1 {[%emt 0:11:19] [#] aiming for Nb3.} Qc7 $1 15. Nxd7 Ncxd7 16. Bb3 Nc5 17. Bc2 e5 18. Nf3 Nfd7 ({Better is} 18... e4 $11 19. Nd4 Rfe8) 19. Be3 $14 Kh8 (19... Nf6 $14) 20. Qc4 $16 {[%emt 0:05:08] And now Ng5 would win.} Rac8 {[%emt 0:15:09] Weighted Error Value: White=0.04 (flawless) /Black=0.15 (very precise)} 1/2-1/2

[Event "121st Swiss Championship 2022"]
[Site "Samnaun-Compatsch"]
[Date "2022.07.06"]
[Round "3.3"]
[White "Gaehwiler, Gabriel"]
[Black "Schlegel, Igor"]
[Result "1-0"]
[ECO "B91"]
[WhiteElo "2420"]
[BlackElo "2194"]
[Annotator "TA"]
[PlyCount "53"]
[EventDate "2022.06.28"]
[EventType "swiss"]
[EventCountry "SUI"]
[SourceTitle "playchess.com"]
[Source "ChessBase"]
[SourceQuality "1"]
[TimeControl "40/5400+30:1800+30"]

1. e4 c5 2. Nf3 d6 3. d4 cxd4 4. Nxd4 Nf6 5. Nc3 a6 6. g3 e5 7. Nde2 Nbd7 8. a4 {[%emt 0:13:25] B91: Sicilian Najdorf: 6 g3.} b6 9. Nd5 Nxd5 10. Qxd5 {[%emt 0:05:52] [#] White is slightly better.} Ra7 $146 ({Predecessor:} 10... Rb8 11. Nc3 Bb7 12. Qa2 Be7 13. Bc4 O-O 14. O-O Nf6 15. f3 b5 16. Bb3 b4 17. Nd5 Nxd5 18. Bxd5 Qb6+ 19. Rf2 Bxd5 20. Qxd5 Rfc8 21. Kg2 Qc6 22. Qb3 Rd8 {½-½ (22) Saric,I (2560)-Brkic,A (2606) Bol 2011}) 11. Nc3 Rc7 12. Be3 Bb7 13. Qb3 {[%emt 0:16:21] White is much more active.} Nc5 ({Black should play} 13... Be7 $14) 14. Qxb6 $16 {[%emt 0:16:11] Strongly threatening Bxc5.} Nxe4 (14... Nd7 $16 {was necessary.} 15. Qa5 Qc8) 15. Bxa6 $18 Bxa6 {[%emt 0:00:46] [#]} (15... Ba8) 16. Nd5 ({Less strong is} 16. Qxa6 Nxc3 17. bxc3 Be7 $16) (16. Nxe4 Qc8 17. Rc1 (17. Nxd6+ Bxd6 18. Qxd6 Rxc2 $17) 17... d5 18. Nd6+ Bxd6 19. Qxd6 f6 $17) 16... Rxc2 17. Qxa6 Rxb2 18. O-O {[%emt 0:11:25] White is clearly winning.} ({Weaker is} 18. Qc6+ Qd7 19. Qa8+ Qd8 $16) 18... Nc5 19. Bxc5 dxc5 20. Rfd1 {[%emt 0:01:17] Threatening mate with Qc6+.} Bd6 21. Qc6+ Qd7 {[%emt 0:00:21] [#]} 22. Nc7+ $1 {[%emt 0:00:10][%mdl 576] Pin} Ke7 23. Qxd7+ Kxd7 24. Nb5 Rxb5 25. axb5 {[%emt 0:00:02] Threatens to win with Ra6.} Rd8 26. Ra6 Kc7 (26... Ke7 $142 27. Rc6 Bb8 28. Rxd8 Kxd8) 27. Rc6+ {[%emt 0:00:04] Black got outplayed after the opening.  Weighted Error Value: White=0.13 (very precise) /Black=0.39} 1-0

[Event "121st Swiss Championship 2022"]
[Site "Samnaun-Compatsch"]
[Date "2022.07.06"]
[Round "3.4"]
[White "Sedina, Yelena"]
[Black "Georgescu, Lena"]
[Result "1/2-1/2"]
[ECO "C54"]
[WhiteElo "2215"]
[BlackElo "2279"]
[Annotator "TA"]
[PlyCount "71"]
[EventDate "2022.06.28"]
[EventType "swiss"]
[EventCountry "SUI"]
[SourceTitle "playchess.com"]
[Source "ChessBase"]
[SourceQuality "1"]
[TimeControl "40/5400+30:1800+30"]

1. e4 e5 2. Nf3 Nc6 3. Bc4 Bc5 4. c3 Nf6 5. d4 exd4 6. e5 d5 $1 7. Be2 {[%emt 0:00:26] C54: Giuoco Piano: 4 c3 Nf6, main lines with 5 d4 and 5 d3.} ({Much worse is} 7. exf6 dxc4 8. O-O (8. fxg7 Rg8 $15) 8... Qxf6 9. Re1+ Be6 $17) 7... Ne4 {[%emt 0:00:08][%cal Od4d3] [#] aiming for ...d3!} 8. cxd4 Bb6 {[%emt 0:00:05] The main line 8...Bb6 scores better than 8...Bb4+.} 9. Nc3 O-O 10. O-O Be6 11. Be3 f6 12. exf6 Qxf6 13. Bb5 Nxc3 14. bxc3 Bg4 15. Be2 $1 Rae8 16. h3 Bh5 {[%emt 0:02:19] [#]} 17. Re1 $146 ({Predecessor:} 17. a4 a6 18. Rb1 Qd6 19. Nd2 Bg6 20. Rb2 Na5 21. Bh5 Re6 22. Bg4 Re7 23. Bg5 Ree8 24. Bh4 {0-1 (65) Asadli,V (2579)-Piorun,K (2640) Warsaw 2021}) 17... Qd6 18. Rb1 Kh8 19. Qc2 Bxf3 (19... Rxe3 $5 20. fxe3 Bg6 $11) 20. Bxf3 Na5 21. Be2 (21. Bh5 $5 Re6 22. Bg4 $14) 21... c6 {[%emt 0:04:05] [#] Threatens to win with ...Bc7. The position is equal.} 22. Bd3 ({Much weaker is} 22. Bh5 g6 23. Bg4 h5 $17) 22... Nc4 23. Qc1 Bc7 24. g3 b5 25. Bf4 Qd7 {[%emt 0:02:30] Strongly threatening ...Rxe1+.} 26. Bxc7 Qxc7 27. Bxc4 dxc4 28. Rb2 Qd7 29. h4 Rxe1+ 30. Qxe1 $11 {[%emt 0:00:02][%mdl 4096] Endgame KQR-KQR} Re8 31. Re2 Rxe2 32. Qxe2 Kg8 33. Qe5 Kf7 34. Qh5+ Kg8 35. Qe5 Kf7 36. Qh5+ {[%emt 0:00:04] Weighted Error Value: White=0.05 (flawless) /Black=0.03 (flawless)} 1/2-1/2

[Event "121st Swiss Championship 2022"]
[Site "Samnaun-Compatsch"]
[Date "2022.07.06"]
[Round "3.5"]
[White "Pavlovic, Milos"]
[Black "Salzgeber, Frank"]
[Result "1/2-1/2"]
[ECO "D35"]
[WhiteElo "2461"]
[BlackElo "2131"]
[Annotator "TA"]
[PlyCount "97"]
[EventDate "2022.06.28"]
[EventType "swiss"]
[EventCountry "SUI"]
[SourceTitle "playchess.com"]
[Source "ChessBase"]
[SourceQuality "1"]
[TimeControl "40/5400+30:1800+30"]

1. d4 Nf6 2. Nf3 e6 3. c4 d5 4. e3 b6 5. Nc3 Bd6 6. cxd5 exd5 7. Bb5+ {[%emt 0:00:05] D35: Queen's Gambit Declined: Exchange Variation.} c6 8. Bd3 O-O 9. O-O {[%emt 0:00:06] The position is equal.} Re8 {[%emt 0:00:51] Against e4} 10. Qc2 Ba6 {[%emt 0:05:58] [#]} 11. Bxa6 $146 ({Predecessor:} 11. Re1 Bxd3 12. Qxd3 Ne4 13. Qc2 Na6 14. Nxe4 dxe4 15. Ne5 Bxe5 16. dxe5 Rxe5 17. Rd1 {0-1 (32) Farrell,J (1927)-Ehlvest,J (2665) Springfield 2004}) 11... Nxa6 12. Qa4 Qc8 13. Bd2 Qb7 14. Rac1 Rad8 15. Rfd1 c5 16. Nb5 Bb8 17. Be1 Ne4 18. dxc5 Naxc5 19. Qa3 a6 20. Nbd4 Bd6 21. b4 Ne6 22. Qb3 Nxd4 23. Rxd4 Nf6 24. b5 Bc5 (24... axb5 {seems wilder.} 25. Bb4 Ne4 26. Bxd6 Rxd6 27. Qxb5 Rc8) 25. bxa6 Qxa6 26. Ra4 Qc8 27. h3 Qd7 28. Rd1 h6 29. Bc3 Ne4 30. Bd4 Qf5 31. Ra7 Qh5 32. a4 Re6 33. a5 bxa5 34. Bxc5 Nxc5 35. Qb5 Rg6 {[%emt 0:00:57] Hoping for ...Qxf3.} 36. Kf1 Ne4 37. Qxa5 $2 {[%emt 0:00:18] [#]} (37. Rd7 $11 Rxd7 38. Qxd7) 37... Rgd6 $2 ({Black should play} 37... Rdd6 $1 $19 {[%cal Og6g2] ( -> ...Rxg2!)} 38. Qa2 (38. Qc7 $2 Rxg2 39. Kxg2 Rg6+ 40. Kf1 Qxf3 $19) 38... Nc3 39. Ra8+ Kh7) 38. Rc1 Ng5 39. Nd4 {[%emt 0:01:01] Black must now prevent Nf5.} Qg6 {[%emt 0:00:39] Against Nf5} 40. Ra8 Rxa8 41. Qxa8+ Kh7 42. Qc8 Qd3+ 43. Kg1 Rf6 44. Qc2 Qe4 45. Qxe4+ dxe4 46. Ne2 Rf5 47. Rc7 Ne6 48. Re7 Kg6 49. Ra7 {[%emt 0:00:00] Weighted Error Value: White=0.14 (very precise) /Black=0.13 (very precise)} 1/2-1/2

[Event "121st Swiss Championship 2022"]
[Site "Samnaun-Compatsch"]
[Date "2022.07.06"]
[Round "3.6"]
[White "Gallagher, Joseph G."]
[Black "Bischofberger, Dario"]
[Result "1-0"]
[ECO "C10"]
[WhiteElo "2447"]
[BlackElo "2180"]
[Annotator "TA"]
[PlyCount "81"]
[EventDate "2022.06.28"]
[EventType "swiss"]
[EventCountry "SUI"]
[SourceTitle "playchess.com"]
[Source "ChessBase"]
[SourceQuality "1"]
[TimeControl "40/5400+30:1800+30"]

1. e4 e6 2. d4 d5 3. Nc3 Nf6 4. Bg5 dxe4 5. Nxe4 Nbd7 6. Nf3 h6 7. Nxf6+ Nxf6 8. Be3 Bd6 {[%emt 0:01:03] C10: French with 3 Nc3: Unusual Black 3rd moves and 3...dxe4.} 9. Bd3 O-O {[%emt 0:00:29] The main line 9...0-0 scores better than 9...b6.} 10. Qe2 b6 {[%emt 0:03:45] White has an edge.} 11. O-O-O Bb7 12. Ne5 c5 13. Nc4 Be7 (13... Bxg2 $2 14. Rhg1 Bd5 15. Nxd6 Qxd6 16. Bxh6 $18) 14. dxc5 {[%emt 0:05:15][%cal Od3h7] And now Bh7+! would win.} Qc7 (14... Nd5 $11) 15. cxb6 $14 axb6 16. Bxb6 {[%emt 0:00:15] [#]} Qb8 $146 (16... Qc6 $11) ({Predecessor:} 16... Qf4+ 17. Kb1 Bxg2 18. Be3 Qf3 19. Rhg1 Ng4 20. Bd4 Ra4 21. b3 Rb8 22. h3 Nf6 23. Qe5 Rab4 24. Ne3 Rd8 25. Bc3 Bxh3 26. Bxb4 Bxb4 27. Rg3 {1-0 (27) Kontulainen,H (2142)-Laitila,J (1967) ICCF email 2019}) 17. Kb1 $16 {[%emt 0:01:44] White leaves nothing to chance now.} Bd5 {[%emt 0:02:53] [#] Hoping for ...Bxc4.} 18. Bd4 $1 Ra6 {[%emt 0:11:33] [#]} (18... Nd7 $16) 19. b3 $1 $18 Qb7 20. Ne3 Ra5 21. Nxd5 Rxd5 22. Bb2 Ra8 23. g3 Rda5 24. a4 Rd5 25. Rhe1 Bb4 (25... Rc5 {was worth a try.} 26. f4 Kf8) 26. Rf1 {[%emt 0:01:35] Black must now prevent Bxf6.} Rad8 27. Bc4 R5d7 28. Rxd7 Qxd7 29. Bb5 Qd6 30. Be5 Qc5 31. Qe3 Qe7 32. Bb2 Nd5 33. Qf3 Rc8 34. Bc4 Nb6 35. Qg4 e5 36. Rd1 h5 37. Qf5 Re8 38. Bb5 g6 39. Qe4 f5 40. Qc6 Rd8 41. Qxg6+ {[%emt 0:30:12] Weighted Error Value: White=0.08 (flawless) /Black=0.59} 1-0

[Event "121st Swiss Championship 2022"]
[Site "Samnaun-Compatsch"]
[Date "2022.07.06"]
[Round "3.7"]
[White "Curien, Nicolas"]
[Black "Fecker, Noah"]
[Result "0-1"]
[ECO "D00"]
[WhiteElo "2198"]
[BlackElo "2387"]
[Annotator "TA"]
[PlyCount "80"]
[EventDate "2022.06.28"]
[EventType "swiss"]
[EventCountry "SUI"]
[SourceTitle "playchess.com"]
[Source "ChessBase"]
[SourceQuality "1"]
[TimeControl "40/5400+30:1800+30"]

1. d4 d5 2. Bf4 Nf6 3. e3 e6 4. Nd2 c5 5. c3 Bd6 6. Bg3 {[%emt 0:00:00] D00: 1 d4 d5: Unusual lines.} Qc7 7. Ngf3 Nbd7 8. Bd3 {[%emt 0:07:17] The position is equal.} e5 9. dxe5 Nxe5 10. Nxe5 Bxe5 11. Bb5+ Bd7 ({Black should try} 11... Kf8 $11) 12. Bxd7+ $14 Nxd7 {[%emt 0:00:02] [#]} 13. Nf3 $146 ({Predecessor:} 13. Bxe5 Qxe5 14. Qa4 Qe6 15. O-O O-O 16. Nf3 Nf6 17. Rad1 h6 18. Rd2 Rfe8 19. Rfd1 {1-0 (49) Zajic,M (2485)-Martirosyan,H (2616) Skopje 2019}) 13... Bxg3 14. hxg3 Nf6 15. Qa4+ Qd7 16. Qf4 O-O 17. Rh4 (17. Nh4 $11) 17... Rfe8 $15 {[%emt 0:06:10] [#] White must now prevent ...Re4.} 18. O-O-O Re4 19. Qg5 Rxh4 20. Qxh4 Re8 21. Qf4 b6 22. Ne5 (22. c4 $11 {remains equal.}) 22... Qe6 $17 23. Nd3 d4 (23... a5 $17) 24. exd4 $11 cxd4 25. Qxd4 Qxa2 26. Ne5 Qe6 (26... h5 {feels hotter.} 27. Qc4 Qxc4 28. Nxc4 Ne4) 27. f4 h5 28. Qb4 Ng4 29. Nxg4 hxg4 {[%emt 0:04:53][%mdl 4096] Endgame KQR-KQR} 30. Qa4 a5 31. f5 Qe3+ 32. Kb1 (32. Kc2 {looks sharper.} Qf2+ 33. Kb3 Qe2 34. Ka2) 32... Qe4+ 33. Qxe4 Rxe4 {[%emt 0:00:01] KR-KR} 34. Rd6 {[%emt 0:01:17] [#]} (34. Rd8+ $15 Kh7 35. Rd4) 34... Re3 $1 $19 35. Rxb6 (35. Kc2 {was worth a try.}) 35... Rxg3 36. Rb8+ Kh7 37. c4 {[%emt 0:00:29] Strongly threatening c5.} Rxg2 {[%emt 0:00:17] Threatens to win with ...Rf2.} 38. c5 {[%emt 0:01:06] c6 is the strong threat.} g3 39. c6 $2 (39. Rb3 Rg1+ 40. Kc2) 39... Rg1+ 40. Kc2 g2 {[%emt 0:00:50] Weighted Error Value: White=0.35/Black=0.13 (very precise)} 0-1

[Event "121st Swiss Championship 2022"]
[Site "Samnaun-Compatsch"]
[Date "2022.07.06"]
[Round "3.8"]
[White "Hakimifard, Ghazal"]
[Black "Grob, Joshua"]
[Result "1-0"]
[ECO "B32"]
[WhiteElo "2296"]
[BlackElo "2040"]
[Annotator "TA"]
[PlyCount "55"]
[EventDate "2022.06.28"]
[EventType "swiss"]
[EventCountry "SUI"]
[SourceTitle "playchess.com"]
[Source "ChessBase"]
[SourceQuality "1"]
[TimeControl "40/5400+30:1800+30"]

1. e4 c5 2. Nf3 Nc6 3. d4 cxd4 4. Nxd4 e5 5. Nb5 d6 6. c4 Be6 {[%emt 0:00:10] now scores much better than the old 6...Be7.} 7. Be2 {[%emt 0:05:27] B32: Sicilian: Löwenthal and Kalashnikov Variations.} g6 8. O-O a6 9. N5c3 {[%emt 0:00:22] White has an edge.} Bg7 10. Nd5 Nf6 11. Nbc3 Bxd5 12. cxd5 Nd4 13. Be3 O-O {[%emt 0:04:56] [#]} 14. Bxd4 $146 ({Predecessor:} 14. Bd3 Qb6 15. Ne2 Nd7 16. Qd2 Nc5 17. Rac1 Nxd3 18. Qxd3 Qb5 19. Qxb5 axb5 20. Nxd4 exd4 {½-½ (58) Heimann,A (2606)-Svane,F (2421) Magdeburg 2021}) 14... exd4 15. Qxd4 Nd7 16. Qb4 Nc5 17. Bf3 Qc7 {[%emt 0:08:07][%mdl 1024] Black has compensation.} 18. Rad1 a5 19. Qb5 Rfe8 20. Rfe1 a4 21. Nb1 Kf8 22. Na3 Ra5 23. Qe2 Nxe4 $2 {[%emt 0:06:06][%mdl 8192] This move loses the game for Black.} 24. Bxe4 $18 f5 {[%emt 0:04:44] [#]} 25. Qf3 Qf7 (25... Rc5 $142 26. g4 Qf7 27. gxf5 gxf5) 26. Nc4 {[%emt 0:00:55][%csl LRa5,LRd6] White is clearly winning.} Rxe4 27. Rxe4 Rxd5 28. Rxd5 {[%emt 0:00:23] Weighted Error Value: White=0.04 (flawless) /Black=0.48} 1-0

[Event "121st Swiss Championship 2022"]
[Site "Samnaun-Compatsch"]
[Date "2022.07.06"]
[Round "3.9"]
[White "Loeffler, Markus"]
[Black "Udipi, Kala Kishan"]
[Result "0-1"]
[ECO "B31"]
[WhiteElo "2278"]
[BlackElo "2057"]
[Annotator "TA"]
[PlyCount "70"]
[EventDate "2022.06.28"]
[EventType "swiss"]
[EventCountry "SUI"]
[SourceTitle "playchess.com"]
[Source "ChessBase"]
[SourceQuality "1"]
[TimeControl "40/5400+30:1800+30"]

1. e4 c5 2. Nf3 Nc6 3. Bb5 g6 4. Bxc6 dxc6 5. h3 Bg7 6. d3 Nf6 7. O-O O-O 8. Nc3 b6 9. Be3 Ba6 {[%emt 0:00:30][%cal Oe7e5] B31: Sicilian: 2...Nc6 3 Bb5 g6.} 10. Qd2 Qc7 11. Bf4 Qb7 {[%emt 0:00:30] White is slightly better.} 12. Bh6 Rad8 13. Bxg7 Kxg7 {[%emt 0:00:30] [#]} 14. Rfe1 $146 ({Predecessor:} 14. Qe3 Qc7 15. a4 Nd7 16. e5 Bc8 17. Rfe1 f6 18. a5 Nb8 19. axb6 axb6 20. Ra4 Na6 21. Rh4 Kh8 22. Qh6 Rf7 23. Ne4 g5 24. e6 {1-0 (24) Paksa,R (2192)-Magyar,A (2175) Hungary 2006}) 14... Qc7 15. e5 Nd5 16. Ne4 Qc8 17. a4 Qf5 (17... c4 $14) 18. a5 $16 {[%emt 0:00:30] [#] Hoping for axb6.} Bc8 19. axb6 axb6 20. Ra7 Bd7 21. Ng3 ({White should play} 21. c4 Nf4 22. Ng3 Nxh3+ 23. Kf1) 21... Qf4 22. Qxf4 Nxf4 23. Rea1 Nd5 24. Ne4 Rfe8 25. Kf1 Bf5 26. Ng3 Be6 27. Nd2 (27. Ne1 $11) 27... Nb4 $15 28. Rb7 {[%emt 0:01:18] This move loses the game for White.} (28. Rc1 $15) 28... Nxc2 $19 29. Rc1 (29. Raa7 $142) 29... Nb4 30. Rxb6 Nxd3 31. Rc3 Nxe5 32. Ke2 Bd5 33. Rxc5 $2 {[%emt 0:00:08] [#]} (33. f3) 33... Nd7 {[%emt 0:00:57] Black is clearly winning.} 34. Rcxc6 Nxb6 35. Rxb6 Bxg2 {[%emt 0:01:01] Weighted Error Value: White=0.36/Black=0.15 (very precise)} 0-1